TEX
SPRINGFIELD CARDINALS @ TULSA DRILLERS
07/18/2099
 
TOP OF THE 1ST
Springfield Cardinals batting - Pitching for Tulsa Drillers : LHP Bill Whitcomb
Pitching: LHP Bill Whitcomb
Batting: RHB Michael Ray 0-0: Fly out, F9 (Flyball, 89S, EV 78.1 MPH)
Batting: RHB Bob Lopez 0-0: Ball
1-0: Foul Ball, location: 7LMFF
1-1: Fly out, F8 (Flyball, 8LXD, EV 105.6 MPH)
Batting: RHB Aaron Rossiter 0-0: Foul Ball, location: 2F
0-1: Ground out 5-3 (Groundball, 5, EV 84.4 MPH)
Top of the 1st over - 0 runs, 0 hits, 0 errors, 0 left on base; Springfield 0 - Tulsa 0
BOTTOM OF THE 1ST
Tulsa Drillers batting - Pitching for Springfield Cardinals : RHP David Benitez
Pitching: RHP David Benitez
Batting: LHB Tim Moore 0-0: Called Strike
0-1: Called Strike
0-2: Ball
1-2: Foul Ball, location: 2F
1-2: Ball
2-2: Ball
3-2: Foul Ball, location: 5FF
3-2: Foul Ball, location: 7LDF
3-2: Base on Balls
Batting: LHB Mike Saunders 0-0: Swinging Strike
0-1: Ball
1-1: Foul Ball, location: 2F
1-2: Ball
2-2: Foul Ball, location: 3FF
2-2: Ball
3-2: Strikes out swinging
Tim Moore is caught stealing 2nd base 2-6
Batter strikes out.
Batting: RHB Matt Pettit 0-0: Called Strike
0-1: Ball
1-1: Fly out, F4 (Flyball, 4MD, EV 88.8 MPH)
Bottom of the 1st over - 0 runs, 0 hits, 0 errors, 0 left on base; Springfield 0 - Tulsa 0
TOP OF THE 2ND
Springfield Cardinals batting - Pitching for Tulsa Drillers : LHP Bill Whitcomb
Batting: SHB Matt Gordon 0-0: SINGLE (Line Drive, 34D, EV 94.4 MPH)
Batting: RHB Armando Aguilar 0-0: Ball
1-0: Ball
2-0: Called Strike
2-1: Grounds into double play, 6-4-3 (Groundball, 6, EV 79.4 MPH)
Batting: LHB Sean Jensen 0-0: Ball
1-0: SINGLE (Line Drive, 78S, EV 105.6 MPH)
Batting: RHB Sansan Loureiro 0-0: Fly out, F4 (Popup, 34, EV 69.4 MPH)
Top of the 2nd over - 0 runs, 2 hits, 0 errors, 1 left on base; Springfield 0 - Tulsa 0
BOTTOM OF THE 2ND
Tulsa Drillers batting - Pitching for Springfield Cardinals : RHP David Benitez
Batting: LHB Russ Henson 0-0: Called Strike
0-1: Called Strike
0-2: Foul Ball, location: 3F
0-2: Ball
1-2: Ball
2-2: Foul Ball, location: 2F
2-2: Strikes out swinging
Batting: LHB Greg Schlitt 0-0: Ground out 4-3 (Groundball, 4, EV 85.0 MPH)
Batting: RHB Mike Buckner 0-0: Ball
1-0: Swinging Strike
1-1: Ball
2-1: Ground out U3 (Groundball, 34, EV 96.3 MPH)
Bottom of the 2nd over - 0 runs, 0 hits, 0 errors, 0 left on base; Springfield 0 - Tulsa 0
TOP OF THE 3RD
Springfield Cardinals batting - Pitching for Tulsa Drillers : LHP Bill Whitcomb
Batting: RHB Carlos Canto 0-0: Swinging Strike
0-1: Foul Ball, location: 2F
0-2: Strikes out swinging
Batting: RHB Alex Cary 0-0: Called Strike
0-1: Foul Ball, location: 2RF
0-2: Ball
1-2: Ball
2-2: Fly out, F8 (Flyball, 89XD, EV 103.1 MPH)
Batting: RHB Michael Ray 0-0: Ball
1-0: Ball
2-0: Called Strike
2-1: Ball
3-1: DOUBLE (Flyball, 78D, EV 111.9 MPH)
Batting: RHB Bob Lopez 0-0: Called Strike
0-1: SINGLE (Groundball, 34D, EV 101.9 MPH)
Michael Ray to third
Runner from 3rd tries for Home, SAFE, throw by RF to home
Batting: RHB Aaron Rossiter 0-0: Fielders Choice at 2nd, 6-4 (Groundball, 56, EV 106.9 MPH)
Top of the 3rd over - 1 run, 2 hits, 0 errors, 1 left on base; Springfield 1 - Tulsa 0
BOTTOM OF THE 3RD
Tulsa Drillers batting - Pitching for Springfield Cardinals : RHP David Benitez
Batting: LHB Aaron Himebauch 0-0: Ball
1-0: Ball
2-0: Ball
3-0: Called Strike
3-1: Foul Ball, location: 3DF
3-2: SINGLE (Line Drive, 6D, EV 106.9 MPH)
Batting: RHB Ryan Gaines 0-0: Fielders Choice at 2nd, 6-4 (Groundball, 56D, EV 108.8 MPH)
Batting: RHB Jordan Saray 0-0: Called Strike
0-1: Ball
1-1: Ball
2-1: Foul Ball, location: 9LSF
2-2: Ball
3-2: Foul Ball, location: 9LDF
3-2: Strikes out swinging
Batting: LHB Tim Moore 0-0: Ball
1-0: Called Strike
1-1: Called Strike
1-2: Strikes out looking
Bottom of the 3rd over - 0 runs, 1 hit, 0 errors, 1 left on base; Springfield 1 - Tulsa 0
TOP OF THE 4TH
Springfield Cardinals batting - Pitching for Tulsa Drillers : LHP Bill Whitcomb
Batting: SHB Matt Gordon 0-0: Ball
1-0: Foul Ball, location: 3DF
1-1: Ball
2-1: Foul Ball, location: 9LDF
2-2: Ball
3-2: Foul Ball, location: 5FF
3-2: Base on Balls
Pitching: RHP Pedro Flores
Batting: RHB Armando Aguilar 0-0: Ball
1-0: Ball
2-0: Called Strike
2-1: Foul Ball, location: 23F
2-2: Strikes out swinging
Batting: LHB Sean Jensen 0-0: Ball
1-0: Ball
Matt Gordon steals 2nd base
2-0: Ground out 6-3 (Groundball, 4M, EV 91.3 MPH)
Matt Gordon to third
Batting: RHB Sansan Loureiro 0-0: Foul Ball, location: 9LSF
0-1: Ball
1-1: Ball
2-1: Ground out 6-3 (Groundball, 56, EV 85.6 MPH)
Top of the 4th over - 0 runs, 0 hits, 0 errors, 1 left on base; Springfield 1 - Tulsa 0
BOTTOM OF THE 4TH
Tulsa Drillers batting - Pitching for Springfield Cardinals : RHP David Benitez
Batting: LHB Mike Saunders 0-0: Ball
1-0: Swinging Strike
1-1: Foul Ball, location: 25F
1-2: Fly out, F6 (Popup, 6MS, EV 78.1 MPH)
Batting: RHB Matt Pettit 0-0: Foul Ball, location: 23F
0-1: Ball
1-1: Ball
2-1: Called Strike
2-2: Ball
3-2: Fly out, F9 (Flyball, 9LM, EV 88.1 MPH)
Batting: LHB Russ Henson 0-0: Fly out, F8 (Flyball, 8RM, EV 94.4 MPH)
Bottom of the 4th over - 0 runs, 0 hits, 0 errors, 0 left on base; Springfield 1 - Tulsa 0
TOP OF THE 5TH
Springfield Cardinals batting - Pitching for Tulsa Drillers : RHP Pedro Flores
Batting: RHB Carlos Canto 0-0: Called Strike
0-1: Foul Ball, location: 3F
0-2: Ball
1-2: Ground out U3 (Groundball, 3S, EV 84.4 MPH)
Batting: RHB Alex Cary 0-0: Called Strike
0-1: Swinging Strike
0-2: Strikes out swinging
Batting: RHB Michael Ray 0-0: Called Strike
0-1: Swinging Strike
0-2: Fly out, F4 (Flyball, 4MD, EV 91.3 MPH)
Top of the 5th over - 0 runs, 0 hits, 0 errors, 0 left on base; Springfield 1 - Tulsa 0
BOTTOM OF THE 5TH
Tulsa Drillers batting - Pitching for Springfield Cardinals : RHP David Benitez
Batting: LHB Greg Schlitt 0-0: Ball
1-0: Ball
2-0: Swinging Strike
2-1: Ball
3-1: Foul Ball, location: 25F
3-2: Ground out 4-3 (Groundball, 13, EV 85.6 MPH)
Batting: RHB Mike Buckner 0-0: Ball
1-0: Swinging Strike
1-1: Fly out, F6 (Flyball, 4MD, EV 87.5 MPH)
Batting: LHB Aaron Himebauch 0-0: Swinging Strike
0-1: Called Strike
0-2: Foul Ball, location: 2F
0-2: Ball
1-2: Fly out, F6 (Popup, 6MS, EV 72.5 MPH)
Bottom of the 5th over - 0 runs, 0 hits, 0 errors, 0 left on base; Springfield 1 - Tulsa 0
TOP OF THE 6TH
Springfield Cardinals batting - Pitching for Tulsa Drillers : RHP Pedro Flores
Batting: RHB Bob Lopez 0-0: Foul Ball, location: 5SF
0-1: Foul Ball, location: 5FF
0-2: Ball
1-2: Ball
2-2: Ball
3-2: Foul Ball, location: 2F
3-2: Ground out 5-3 (Groundball, 5, EV 78.1 MPH)
Batting: RHB Aaron Rossiter 0-0: Ball
1-0: Called Strike
1-1: Swinging Strike
1-2: Fly out, F9 (Flyball, 9, EV 98.8 MPH)
Batting: SHB Matt Gordon 0-0: Ball
1-0: Foul Ball, location: 2F
1-1: Swinging Strike
1-2: Ball
2-2: Foul Ball, location: 7LDF
2-2: Foul Ball, location: 2F
2-2: Fly out, F5 (Popup, 56S, EV 68.1 MPH)
Top of the 6th over - 0 runs, 0 hits, 0 errors, 0 left on base; Springfield 1 - Tulsa 0
BOTTOM OF THE 6TH
Tulsa Drillers batting - Pitching for Springfield Cardinals : RHP David Benitez
Batting: RHB Ryan Gaines 0-0: Fly out, F7 (Flyball, 7LSF, EV 87.5 MPH)
Batting: RHB Jordan Saray 0-0: Ball
1-0: Ball
2-0: Fly out, F8 (Line Drive, 89M, EV 98.1 MPH)
Batting: LHB Tim Moore 0-0: TRIPLE (Flyball, 78XD, EV 96.9 MPH)
Batting: LHB Mike Saunders 0-0: Called Strike
0-1: Ball
1-1: SINGLE (Groundball, 3S, EV 62.5 MPH) (infield hit)
Tim Moore scores
Batting: RHB Matt Pettit 0-0: Ball
1-0: DOUBLE (Flyball, 89XD, EV 100.6 MPH)
Mike Saunders to third
Runner from 3rd tries for Home, SAFE, throw by CF to home
Batting: LHB Russ Henson 0-0: Ball
1-0: Ball
2-0: Ground out U3 (Groundball, 3S, EV 73.1 MPH)
Bottom of the 6th over - 2 runs, 3 hits, 0 errors, 1 left on base; Springfield 1 - Tulsa 2
TOP OF THE 7TH
Springfield Cardinals batting - Pitching for Tulsa Drillers : RHP Pedro Flores
Now at 1B: Tyler Rivas
Batting: RHB Armando Aguilar 0-0: Ball
1-0: Fly out, F7 (Flyball, 7S, EV 92.5 MPH)
Pitching: LHP Rey Castro
Pinch Hitting: RHB Gabriel Galindo 0-0: Ball
1-0: Swinging Strike
1-1: Fly out, F9 (Flyball, 89M, EV 79.4 MPH)
Pitching: RHP Ralph Spiteri
Batting: RHB Sansan Loureiro 0-0: Foul Ball, location: 2F
0-1: Swinging Strike
0-2: Strikes out swinging
Top of the 7th over - 0 runs, 0 hits, 0 errors, 0 left on base; Springfield 1 - Tulsa 2
BOTTOM OF THE 7TH
Tulsa Drillers batting - Pitching for Springfield Cardinals : RHP David Benitez
Now in RF: Gabriel Galindo
Batting: LHB Greg Schlitt 0-0: Ball
1-0: Ball
2-0: Called Strike
2-1: Ball
3-1: Fly out, F8 (Line Drive, 8RD, EV 88.8 MPH)
Batting: RHB Mike Buckner 0-0: Ball
1-0: Ground out 6-3 (Groundball, 6, EV 80.0 MPH)
Batting: LHB Aaron Himebauch 0-0: Ball
1-0: Called Strike
1-1: Foul Ball, location: 2F
1-2: Ground out 6-3 (Groundball, 6M, EV 107.5 MPH)
Bottom of the 7th over - 0 runs, 0 hits, 0 errors, 0 left on base; Springfield 1 - Tulsa 2
TOP OF THE 8TH
Springfield Cardinals batting - Pitching for Tulsa Drillers : RHP Ralph Spiteri
Now in LF: Adrian DeVita
Batting: RHB Carlos Canto 0-0: Called Strike
0-1: Ball
1-1: Fly out, F9 (Line Drive, 89S, EV 100.0 MPH)
Batting: RHB Alex Cary 0-0: Ball
1-0: SINGLE (Line Drive, 4MD, EV 94.4 MPH)
Pinch Hitting: LHB Josh Crawford 0-0: Called Strike
0-1: Ball
1-1: Called Strike
1-2: Strikes out swinging
Batting: RHB Bob Lopez 0-0: Ball
1-0: Foul Ball, location: 25F
1-1: Ball
2-1: Ball
3-1: Foul Ball, location: 5F
3-2: Ground out 5-3 (Groundball, 5, EV 90.0 MPH)
Top of the 8th over - 0 runs, 1 hit, 0 errors, 1 left on base; Springfield 1 - Tulsa 2
BOTTOM OF THE 8TH
Tulsa Drillers batting - Pitching for Springfield Cardinals : RHP David Benitez
Pitching: RHP Bill Rosario
Now in LF: Josh Crawford
Now in CF: Gabriel Galindo
Now in RF: Matt Gordon
Pinch Hitting: LHB Blake Marez 0-0: Ball
1-0: Swinging Strike
1-1: Called Strike
1-2: Ball
2-2: Strikes out swinging
Batting: RHB Jordan Saray 0-0: Ball
1-0: Swinging Strike
1-1: Fly out, F6 (Popup, 56D, EV 49.4 MPH)
Batting: LHB Tim Moore 0-0: Ball
1-0: Fly out, F7 (Flyball, 7D, EV 89.4 MPH)
Bottom of the 8th over - 0 runs, 0 hits, 0 errors, 0 left on base; Springfield 1 - Tulsa 2
TOP OF THE 9TH
Springfield Cardinals batting - Pitching for Tulsa Drillers : RHP Ralph Spiteri
Pitching: LHP Chris Coverdale
Now at 3B: Dustin Platt
Batting: RHB Aaron Rossiter 0-0: Ball
1-0: Ball
2-0: Called Strike
2-1: SINGLE (Line Drive, 4MD, EV 106.9 MPH)
Batting: SHB Matt Gordon 0-0: Called Strike
0-1: Foul Ball, location: 23F
0-2: Strikes out swinging
Batting: RHB Armando Aguilar 0-0: Foul Ball, location: 2F
0-1: Fly out, F7 (Flyball, 7, EV 100.6 MPH)
Batting: RHB Gabriel Galindo 0-0: Foul Ball, location: 2LF
0-1: Ball
1-1: Swinging Strike
1-2: Foul Ball, location: 9LMF
1-2: Ground out 4-3 (Groundball, 4M, EV 83.1 MPH)
Top of the 9th over - 0 runs, 1 hit, 0 errors, 1 left on base; Springfield 1 - Tulsa 2
Sunday, May 12th , 2024 - OOTP Baseball 24.11 Build 85